 Dungeon Crawl Stone Soup version 0.21.1-1-g345015f (webtiles) character file.

55 Gadfly the Caller (level 3, -1/26 HPs)
             Began as a Merfolk Summoner on July 5, 2018.
             Slain by a leopard gecko (5 damage)
             ... on level 2 of the Dungeon.
             The game lasted 00:02:42 (2045 turns).

Gadfly the Caller (Merfolk Summoner)                Turns: 2045, Time: 00:02:43

Health: -1/26      AC:  2    Str:  8    XL:     3   Next: 93%
Magic:  4/7        EV: 13    Int: 15    God:
Gold:   100        SH:  0    Dex: 14    Spells: 3/7 levels left

rFire    . . .     SeeInvis .   h - +3 hand axe (freeze)
rCold    . . .     Gourm    .   (no shield)
rNeg     . . .     Faith    .   a - +0 robe
rPois    .         Spirit   .   (no helmet)
rElec    .         Reflect  .   (no cloak)
rCorr    .         Harm     .   (no gloves)
MR       .....                  (no boots)
Stlth    ++........             (no amulet)
HPRegen  0.08/turn              (no ring)
MPRegen  0.10/turn              (no ring)

@: lethally poisoned (-1 -> -15)
A: change form in water, swift swim, stealthy swim
a: no special abilities


You were on level 2 of the Dungeon.
You were not hungry.

You visited 1 branch of the dungeon, and saw 2 of its levels.

You collected 100 gold pieces.

Inventory:

Hand Weapons
 h - a +3 hand axe of freezing (weapon)
Armour
 a - a +0 robe (worn)
Jewellery
 k - an uncursed amulet of harm {unknown}
Scrolls
 f - a scroll of amnesia
 i - 5 scrolls of identify
Potions
 d - 2 potions of haste {unknown}
 e - 2 potions of lignification {unknown}
 g - 2 potions of curing {unknown}
 j - a potion of heal wounds {unknown}
 l - a potion of magic {unknown}
 m - a potion of mutation {unknown}
Books
 b - a book of Callings

   Spells                             Type                      Level
   a - Summon Small Mammal            Summoning                    1
   b - Call Imp                       Summoning                    2
   c - Call Canine Familiar           Summoning                    3
   d - Summon Guardian Golem          Hexes/Summoning              3
   e - Summon Lightning Spire         Summoning/Air                4
   f - Summon Ice Beast               Ice/Summoning                4
Comestibles
 c - 4 rations


   Skills:
 + Level 1.2 Fighting
 + Level 3.3 Dodging
 - Level 2.1 Stealth
 * Level 2.7 Spellcasting
 * Level 4.5 Summonings


You had 3 spell levels left.
You knew the following spells:

 Your Spells              Type           Power        Failure   Level  Hunger
a - Summon Small Mammal   Summ           ###.         3%          1    #......
b - Call Canine Familiar  Summ           ###.....     10%         3    ###....


Dungeon Overview and Level Annotations

Branches:
Dungeon (2/15)

Altars:
Elyvilon

Annotations:
D:2 1 runed door


Message History

You are more poisoned.
The adder poisons you! The leopard gecko closely misses you.
The adder bites you.
You are lethally poisoned!
The adder poisons you! The leopard gecko bites you.
You barely miss the leopard gecko. You barely miss the adder.
You feel sick. The adder bites you.
The leopard gecko bites you but does no damage.
The adder misses you.
Casting: Summon Small Mammal
Confirm with . or Enter, or press ? or * to list all spells.
* * * LOW HITPOINT WARNING * * *
You feel sick. The leopard gecko bites you.
* * * LOW HITPOINT WARNING * * *
The adder closely misses you.
* * * LOW HITPOINT WARNING * * *
You feel sick.
Your hound closely misses the leopard gecko.
The leopard gecko bites you.
You die...

#######.##....#...
#......###.#######
####.#####.##....#...
......# #..###..#.##
#.>...# ###.#...#.##
#.....# ##.#....##
#.....# ###.##### #
#hlS..# ##'## #.#.)@..#
##...## #.#.###.#
##.....## #.......#
##.......##
###.#...####.........#
#........+.........+
###.#...####.........#
##.........###.......##
#......###.# ##.....##
#..#.#.# #.# ##...##


You could see an adder, a leopard gecko and a friendly hound.

Vanquished Creatures
  An ooze (D:1)
  3 leopard geckos (D:1)
  7 bats
  4 goblins (D:1)
  3 hobgoblins
  2 jackals (D:1)
  3 kobolds
  A quokka (D:2)
  A frilled lizard (D:2)
  5 rats
30 creatures vanquished.

Vanquished Creatures (collateral kills)
  Terence (D:2)
1 creature vanquished.

Grand Total: 31 creatures vanquished

Notes
Turn   | Place    | Note
-------+----------+-------------------------------------------
     0 | D:1      | Gadfly the Merfolk Summoner began the quest for the Orb.
     0 | D:1      | Reached XP level 1. HP: 13/13 MP: 3/3
   151 | D:1      | Reached XP level 2. HP: 18/20 MP: 5/5
   503 | D:1      | Reached XP level 3. HP: 22/25 MP: 6/6
   568 | D:1      | Reached skill level 1 in Fighting
   685 | D:1      | Learned a level 3 spell: Call Canine Familiar
   950 | D:2      | Found a white marble altar of Elyvilon.
  1296 | D:2      | Noticed Terence
  1333 | D:2      | Killed Terence
  1634 | D:2      | Found a runed door.
  2045 | D:2      | Slain by a leopard gecko

Skill      XL: |  1  2  3 |
---------------+----------+-----
Dodging        | 3 |  3.3
Fighting       | 1 |  1.2
Stealth        | |  2.1
Spellcasting   | |  2.7
Summonings     | |  4.5

Action                   || total
-------------------------++-------
Melee: Mace              ||    10
       Hand axe          ||    76
 Cast: Call Canine Famil ||     3
       Summon Small Mamm ||     2
  Use: Scroll            ||     5
       Potion            ||     1
 Stab: Sleeping          ||     2
  Eat: Chunk             ||     4
Armor: Robe              ||    22
Dodge: Dodged            ||    99
